AoeStats
← GUNGORYES

Arena

507812489Analyzed
4v4 RM · 11d ago on Sep 19, 2026· 64m 35s· 8 players
Game mode
Random Map
Map size
Large (8 player)
Population
200
Speed
Normal
Resources
Standard
Victory
Conquest
Starting age
Dark Age
Ending age
Imperial Age
RankedLock teamsTeams togetherTeam positionsShared explorationLock speedFull tech treeHidden civsTurbo modeCheats
Victory
Defeat
🇫🇷 Inca · France
811
+16
🇹🇷 Portuguese · Türkiye
794
+17
🇹🇷 Khmer · Türkiye
794
+17
🇹🇷 Turks · Türkiye
720
+20
🇬🇧 Teutons · United Kingdom
941
-72
🇬🇧 Malay · United Kingdom
900
-63
🇬🇧 Goths · United Kingdom
753
-36
🇬🇧 Koreans · United Kingdom
671
-19
GUNGORYES
0:45 Loom
13:52 Feudal Age
15:11 Wheelbarrow
15:00 Horse Collar
15:14 Double-Bit Axe
16:03 Gold Mining
17:01 Stone Mining
21:02 Castle Age
26:04 Light Cavalry
27:13 Bow Saw
29:56 Hand Cart
30:06 Heavy Plow
30:08 Pikeman
31:33 Stone Shaft Mining
35:03 Imperial Age
32:32 Town Watch
33:17 Husbandry
33:38 Town Patrol
34:41 Scale Barding Armor
34:36 Scale Mail Armor
34:28 Fletching
34:39 Padded Archer Armor
36:45 Chemistry
36:04 Cavalier
36:09 Halberdier
39:11 Chain Barding Armor
39:06 Chain Mail Armor
39:07 Leather Archer Armor
38:47 Bodkin Arrow
39:03 Forging
40:06 Two-Man Saw
39:40 Crop Rotation
41:00 Bloodlines
44:40 Plate Barding Armor
44:35 Plate Mail Armor
44:36 Ring Archer Armor
45:35 Elite Organ Gun
53:11 Iron Casting
52:36 Bracer
52:59 Bombard Tower
63:38 Ballistics
63:08 Guard Tower
63:29 Fortified Wall
63:09 Heated Shot
63:25 Siphons
63:00 Treadmill Crane
63:16 Murder Holes
63:32 Clinker Construction
63:32 Careening
63:28 Siege Engineers
63:33 Masonry
64:27 Blast Furnace
63:30 Caravan
64:00 Coinage
63:41 Guilds
63:45 Redemption
63:46 Fervor
63:36 Atonement
63:52 Block Printing
63:33 Herbal Medicine
63:38 Devotion
64:14 Theocracy
64:00 Heresy
64:00 Sanctity
63:58 Circumnavigation
63:59 Arquebus
63:30 Sappers
64:20 Conscription
ysf5353
0:26 Loom
13:43 Feudal Age
16:50 Wheelbarrow
16:05 Double-Bit Axe
17:11 Gold Mining
17:59 Horse Collar
18:11 Stone Mining
18:11 Town Watch
22:21 Castle Age
23:05 Forging
22:45 Fletching
22:55 Scale Mail Armor
23:01 Scale Barding Armor
22:57 Padded Archer Armor
25:55 Bow Saw
26:19 Husbandry
28:06 Gold Shaft Mining
31:44 Heavy Plow
33:48 Bodkin Arrow
35:55 Caravan
37:07 Coinage
37:20 Hand Cart
39:19 Fortified Wall
39:04 Murder Holes
39:21 Masonry
40:16 Sipahi
44:10 Imperial Age
42:13 Town Patrol
42:05 Treadmill Crane
42:31 Crossbowman
43:17 Thumb Ring
44:24 Capped Ram
45:57 Conscription
45:45 Bracer
46:19 Architecture
47:23 Two-Man Saw
47:14 Sappers
48:12 Heated Shot
48:42 Ballistics
48:13 Guard Tower
49:04 Iron Casting
48:44 Chain Mail Armor
49:58 Hoardings
50:03 Bloodlines
51:37 Bombard Tower
51:02 Arrowslits
51:53 Keep
51:50 Elite Janissary
53:12 Artillery
55:02 Siege Ram
55:02 Heavy Scorpion
57:19 Blast Furnace
56:34 Chain Mail Armor
56:35 Leather Archer Armor
yesilyurt29
3:14 Loom
15:24 Feudal Age
16:40 Wheelbarrow
18:07 Castle Age
15:52 Horse Collar
16:01 Double-Bit Axe
16:09 Stone Mining
16:12 Gold Mining
19:40 Castle Age
20:54 Hand Cart
20:52 Bow Saw
21:50 Heavy Plow
25:26 Gold Shaft Mining
25:50 Stone Shaft Mining
28:48 Caravan
34:03 Imperial Age
32:59 Tusk Swords
34:27 Ballistics
34:49 Double Crossbow
35:10 Conscription
35:04 Forging
34:54 Scale Mail Armor
35:56 Chemistry
36:35 Iron Casting
36:09 Heated Shot
36:31 Masonry
36:39 Chain Mail Armor
35:53 Heavy Scorpion
37:21 Crop Rotation
36:37 Capped Ram
40:21 Siege Ram
40:46 Light Cavalry
41:37 Bloodlines
45:08 Blast Furnace
44:14 Scale Barding Armor
45:04 Elite Battle Elephant
46:29 Pikeman
46:55 Arson
62:02 Spies/Treason
Skibidi Bop
10:57 Feudal Age
15:17 Castle Age
13:34 Horse Collar
14:58 Stone Mining
15:00 Double-Bit Axe
18:21 Champi Runner
20:56 Squires
21:51 Champi Warrior
22:40 Scale Mail Armor
25:42 Arson
28:16 Heavy Plow
28:27 Bow Saw
28:53 Stone Shaft Mining
30:32 Forging
31:41 Gold Mining
32:15 Chain Mail Armor
34:10 Wheelbarrow
37:45 Imperial Age
35:13 Pikeman
38:44 Hand Cart
38:00 Halberdier
39:22 Iron Casting
40:24 Fabric Shields
41:58 Blast Furnace
41:33 Plate Mail Armor
42:10 Elite Kamayuk
47:52 Fletching
48:02 Padded Archer Armor
49:21 Elite Skirmisher
59:49 Bodkin Arrow
60:11 Leather Archer Armor
Hammer Of War89
0:43 Loom
16:07 Feudal Age
18:45 Wheelbarrow
24:10 Castle Age
22:27 Horse Collar
22:39 Double-Bit Axe
29:53 Imperial Age
30:29 Heavy Plow
30:43 Bow Saw
30:57 Town Watch
31:32 Gold Mining
31:48 Pikeman
32:30 Squires
31:55 Elite Skirmisher
32:43 Thumb Ring
33:04 Fortified Wall
35:10 Two-Man Saw
34:57 Heavy Rocket Cart
35:54 Forging
35:35 Fletching
36:55 Hand Cart
38:12 Masonry
39:52 Bodkin Arrow
40:34 Architecture
44:36 Town Patrol
45:25 Caravan
48:20 Conscription
50:15 Conscription
Kyu
22:44 Feudal Age
28:00 Wheelbarrow
28:51 Double-Bit Axe
35:57 Castle Age
38:00 Squires
37:21 Man-at-Arms
39:04 Bow Saw
38:36 Horse Collar
40:37 Pikeman
40:42 Long Swordsman
41:27 Scale Mail Armor
41:38 Forging
41:35 Scale Barding Armor
41:31 Padded Archer Armor
41:21 Fletching
42:01 Hand Cart
44:23 Anarchy
Dopamine Bullets
0:35 Loom
13:21 Feudal Age
17:13 Wheelbarrow
16:57 Double-Bit Axe
16:54 Horse Collar
21:19 Padded Archer Armor
21:10 Fletching
23:58 Castle Age
24:00 Bloodlines
23:59 Scale Barding Armor
24:17 Gold Mining
25:10 Heavy Plow
26:11 Chain Barding Armor
26:58 Forging
27:20 Bow Saw
31:00 Hand Cart
31:32 Iron Casting
32:35 Stone Mining
32:51 Town Watch
33:41 Bodkin Arrow
35:55 Town Patrol
43:30 Imperial Age
41:04 Scale Mail Armor
41:20 Leather Archer Armor
41:58 Stone Shaft Mining
43:35 Cavalier
45:03 Plate Barding Armor
44:44 Fortified Wall
45:36 Conscription
45:38 Crenellations
46:37 Hoardings
48:13 Chain Mail Armor
48:59 Blast Furnace
51:30 Ring Archer Armor
51:37 Plate Mail Armor
53:01 Masonry
SimoSims
12:24 Loom
17:29 Feudal Age
18:10 Double-Bit Axe
21:16 Castle Age
19:16 Horse Collar
20:46 Forging
20:44 Scale Barding Armor
22:09 Light Cavalry
22:52 Husbandry
25:19 Caravan
26:46 Wheelbarrow
25:57 Town Watch
28:52 Hand Cart
28:30 Gold Mining
28:31 Stone Mining
28:55 Bow Saw
31:43 Iron Casting
33:41 Gold Shaft Mining
33:41 Stone Shaft Mining
35:45 Heavy Plow
40:54 Imperial Age
38:47 Arson
39:02 Squires
38:23 Man-at-Arms
40:23 Town Patrol
41:01 Forced Levy
40:28 Long Swordsman
41:49 Two-Handed Swordsman
46:34 Blast Furnace
47:14 Conscription
47:58 Murder Holes
47:44 Treadmill Crane
48:17 Masonry
48:12 Siege Engineers
47:45 Elite Karambit Warrior
50:37 Crop Rotation
55:33 Pikeman
Connection lost

Rejoining the realm…

Still unreachable

The connection could not be restored.

Session expired

The server has moved on; the page needs a fresh start.